 Dungeon Crawl Stone Soup version 0.20.0-8-g6b59dc7 (webtiles) character file.

13895 stringdemon the Martial Artist (level 12, -16/56 HPs)
             Began as a Vine Stalker Transmuter on May 31, 2017.
             Was an Initiate of Ashenzari.
             Demolished by a komodo dragon (21 damage)
             ... on level 11 of the Dungeon.
             The game lasted 01:06:59 (11267 turns).

stringdemon the Martial Artist (VSTm)              Turns: 11267, Time: 01:07:00

Health: -16/56     AC: 12    Str: 15    XL:     12   Next: 10%
Magic:  0/18       EV: 19    Int: 16    God:    Ashenzari [......]
Gold:   654        SH:  5    Dex: 20    Spells: 3/18 levels left

rFire    + . .     SeeInvis .     - Unarmed
rCold    . . .     Gourm    .   (shield currently unavailable)
rNeg     . . .     Faith    .   J - +3 ring mail {rF+} (curse)
rPois    .         Spirit   +   I - +1 helmet
rElec    .         Reflect  +   (no cloak)
rCorr    .         Harm     .   (gloves currently unavailable)
MR       +....                  A - +0 pair of boots
Stlth    ++........             n - +5 amulet of reflection (curse)
Regen    1.0/turn               l - ring of flight
MPRegen  0.2/turn               (no ring)

@: agile, blade hands (expiring), hasted and slowed
A: fangs 3, regeneration 2, magic shield, antimagic bite, no potion heal 3, rot
immunity
a: End Transformation, Curse Item, Renounce Religion, Evoke Flight


You were on level 11 of the Dungeon.
You worshipped Ashenzari.
Ashenzari was noncommittal.
You were not hungry.
You had blades for hands.
You visited 2 branches of the dungeon, and saw 12 of its levels.
You also visited: Sewer.

You collected 836 gold pieces.
You spent 182 gold pieces at shops.

Inventory:

Missiles
 a - 173 arrows
Armour
 y - a cursed +2 pair of gloves (melded)
 A - a +0 pair of boots (worn)
 F - a +0 shield
 I - a +1 helmet (worn)
 J - a cursed +3 ring mail of fire resistance (worn)
 M - a +0 troll leather armour
Jewellery
 l - a ring of flight (left scythe-like blade)
 n - a cursed +5 amulet of reflection (around neck)
Wands
 b - a wand of polymorph (14/24)
 q - a wand of lightning (7/15)
 D - a wand of paralysis (6/24)
 K - a wand of polymorph (8/24)
Scrolls
 j - 5 scrolls of remove curse
 k - a scroll of vulnerability {unknown}
 t - a scroll of random uselessness {unknown}
 w - 3 scrolls of magic mapping {unknown}
 B - 2 scrolls of recharging
 C - a scroll of identify
 H - a scroll of teleportation
 L - a scroll of torment {unknown}
Potions
 e - a potion of ambrosia
 g - a potion of brilliance
 h - 3 potions of mutation
 i - 7 potions of curing
 m - a potion of agility
 s - 3 potions of cancellation
 u - 6 potions of flight
 x - a potion of might {unknown}
 z - a potion of degeneration {unknown}
 E - a potion of magic {unknown}
 G - a potion of resistance {unknown}
Books
 c - a book of Changes

   Spells                             Type                      Level
   a - Beastly Appendage              Transmutation                1
   b - Sticks to Snakes               Transmutation                2
   c - Spider Form                    Transmutation/Poison         3
   d - Ice Form                       Ice/Transmutation            4
   e - Blade Hands                    Transmutation                5
Comestibles
 d - 7 bread rations
 o - 6 meat rations
 r - 7 royal jellies
 v - 2 fruits


   Skills:
 + Level 2.6 Fighting
 * Level 5.0 Armour
 + Level 4.7 Dodging
 + Level 12.3 Unarmed Combat
 - Level 3.7 Spellcasting
 * Level 10.9 Transmutations
 - Level 3.6 Ice Magic
 - Level 2.0 Poison Magic


You had 3 spell levels left.
You knew the following spells:

 Your Spells              Type           Power        Failure   Level  Hunger
a - Beastly Appendage     Tmut           #####.       11%         1    None
b - Sticks to Snakes      Tmut           #####...     12%         2    ##.....
c - Spider Form           Tmut/Pois      ###.......   38%         3    ###....
d - Ice Form              Ice/Tmut       ####....     56%         4    ####...
e - Blade Hands           Tmut           #####.....   45%         5    ######.


Dungeon Overview and Level Annotations

Branches:
Dungeon (11/15)            Temple (1/1) D:6            Lair (0/6) D:9
    Orc (0/2) D:11

Altars:
Ashenzari
Cheibriados
Dithmenos
Elyvilon
Fedhas
Gozag
Hepliaklqana
Kikubaaqudgha
Makhleb
Nemelex Xobeh
Okawaru
Qazlal
Ru
Sif Muna
Trog
Uskayaw
Vehumet
Xom
Yredelemnul
Zin
The Shining One

Shops:
D:8 *


Innate Abilities, Weirdness & Mutations

You have razor-sharp teeth.
You heal very quickly.
When hurt, damage is shared between your health and your magic reserves.
Your bite disrupts and absorbs the magic of your enemies.
Potions cannot restore your health.
You are immune to rotting.


Message History

You feel yourself speed up.
Your surroundings suddenly seem different.
An orc comes into view. It is wielding a short sword.
The orc shouts!
A komodo dragon comes into view.
The komodo dragon hisses angrily.
The komodo dragon bites you!
* * * LOW HITPOINT WARNING * * *
The komodo dragon bites you!
* * * LOW HITPOINT WARNING * * *
Found a +3 ring of protection.
The orc closely misses you. The orc hits you but does no damage.
Okay, then.
Okay, then.
Evoke which item? (* to show all) (? for menu, Esc to quit)
Okay, then.
You feel agile all of a sudden. The orc misses you.
The komodo dragon bites you!!
You die...

.#####....#
.#........#.......
.#.##..##.#......#
.# #..##.# .....##
.#. #..##.# .....#
.#.##..##.# ..=.#
.#........# #..#
.#....#########..#
.'.##.# #....l@#
.#.##.+..##....o.#
.#....#..##......#
.#^...#..##......#
.#.##.#..##......#
.#.##.#..#########
.#....#..##########
.'....#...#.......#
......
.#.##.'...#......#
.....


You could see a komodo dragon and an orc.

Vanquished Creatures
  A death yak (D:9)
  2 two-headed ogres (D:10)
  The ghost of DogShitOnMyToe the Devastator, a novice DECj of Vehumet (D:9)
  The ghost of Gravenous the Changer, a novice NaTm of Cheibriados (D:8)
  A manticore (D:11)
  A cyclops (D:10)
  An elephant (D:9)
  2 trolls (D:11)
  2 hippogriffs
  A wraith (D:10)
  2 wyverns
  13 yaks (D:10)
  2 basilisks (D:9)
  A basilisk (shapeshifter) (D:11)
  A steam dragon (D:9)
  Menkaure (D:5)
  An acid dragon (D:10)
  6 ice beasts
  2 phantoms
  6 orc warriors
  3 black bears
  7 ogres
  5 necrophages (D:6)
  An eye of draining (D:7)
  4 centaurs
  2 crocodiles
  4 bullfrogs
  3 big kobolds
  A wyvern skeleton (D:8)
  2 wyvern zombies
  3 scorpions
  A killer bee (D:10)
  2 howler monkeys (D:6)
  5 crimson imps
  A bullfrog zombie (D:10)
  2 centaur zombies
  3 hounds
  A quasit (D:11)
  A bullfrog skeleton (D:7)
  3 jellies
  7 orc priests
  Jessica (D:2)
  4 iguanas
  Ijyb (D:4)
  11 orc wizards
  A merfolk siren (Sewer)
  6 worker ants
  A merfolk avatar (Sewer)
  A hound zombie (D:6)
  2 hound skeletons
  Robin (D:4)
  2 worker ant zombies
  4 gnolls (D:2)
  9 adders
  A river rat (Sewer)
  3 shadow imps
  An ooze (D:3)
  3 adder zombies
  4 worms
  10 leopard geckos
  37 orcs
  2 giant cockroaches
  13 goblins
  4 hobgoblins
  8 jackals
  6 quokkas
  5 ball pythons
  A ball python skeleton (D:4)
  6 bats
  8 frilled lizards
  A jackal skeleton (D:8)
  19 kobolds
  A leopard gecko zombie (D:5)
  30 rats
  A bush (D:6)
317 creatures vanquished.

Vanquished Creatures (collateral kills)
  The ghost of Gravenous the Changer, an amateur NaTm (D:3)
  An ogre (D:7)
  A dart slug (D:3)
  2 orcs (D:11)
  5 kobolds
10 creatures vanquished.

Vanquished Creatures (others)
  A quokka (D:6)
  A kobold (D:7)
  6 plants (D:6)
8 creatures vanquished.

Grand Total: 335 creatures vanquished

Notes
Turn   | Place    | Note
-------+----------+-------------------------------------------
     0 | D:1      | stringdemon the Vine Stalker Transmuter began the quest for the Orb.
     0 | D:1      | Reached XP level 1. HP: 9/9 MP: 4/4
   309 | D:1      | Reached XP level 2. HP: 8/14 MP: 6/6
   468 | D:1      | Reached skill level 4 in Unarmed Combat
   586 | D:1      | Reached XP level 3. HP: 14/17 MP: 7/7
  1125 | D:1      | Learned a level 2 spell: Sticks to Snakes
  1427 | D:2      | Noticed Jessica
  1435 | D:2      | Killed Jessica
  1435 | D:2      | Reached skill level 5 in Unarmed Combat
  1435 | D:2      | Gained mutation: Your natural rate of healing is unusually fast. [Vine Stalker growth]
  1435 | D:2      | Reached XP level 4. HP: 21/21 MP: 8/8
  1440 | D:2      | Learned a level 3 spell: Spider Form
  2270 | D:3      | Noticed Gravenous's ghost (amateur NaTm)
  2369 | D:3      | Killed Gravenous's ghost
  2369 | D:3      | Reached XP level 5. HP: 7/25 MP: 5/9
  2369 | D:3      | Reached XP level 6. HP: 8/29 MP: 5/10
  3088 | D:4      | Noticed Ijyb
  3094 | D:4      | Noticed Robin
  3099 | D:4      | Killed Ijyb
  3113 | D:4      | Killed Robin
  3449 | D:4      | Reached skill level 1 in Fighting
  3468 | D:4      | You fall through a shaft for 3 floors!
  3468 | D:7      | Found a deep blue altar of Sif Muna.
  3517 | D:6      | Reached XP level 7. HP: 26/33 MP: 7/11
  3525 | D:6      | Reached skill level 5 in Transmutations
  3546 | D:6      | Reached skill level 6 in Unarmed Combat
  3560 | D:6      | Found a staircase to the Ecumenical Temple.
  3585 | Temple   | Entered the Ecumenical Temple
  4042 | D:6      | Found a blossoming altar of Fedhas.
  4056 | D:6      | Gained mutation: You have razor-sharp teeth. [Vine Stalker growth]
  4056 | D:6      | Reached XP level 8. HP: 26/37 MP: 4/12
  4291 | D:6      | Reached skill level 7 in Unarmed Combat
  4588 | D:6      | Found an ancient bone altar of Kikubaaqudgha.
  4714 | D:6      | Reached skill level 8 in Unarmed Combat
  4803 | D:5      | Entered Level 5 of the Dungeon
  4807 | D:5      | Reached XP level 9. HP: 42/42 MP: 9/13
  4890 | D:5      | Noticed Menkaure
  4899 | D:5      | Killed Menkaure
  4899 | D:5      | Reached skill level 9 in Unarmed Combat
  4905 | D:5      | Learned a level 4 spell: Ice Form
  5163 | D:5      | Reached skill level 1 in Armour
  5406 | D:5      | Found a glowing drain.
  5417 | Sewer    | Entered a sewer
  6291 | D:4      | Reached skill level 1 in Ice Magic
  6723 | D:7      | Found a glowing golden altar of the Shining One.
  6877 | D:7      | Found a bloodstained altar of Trog.
  7218 | D:8      | You fall through a shaft for 2 floors!
  7218 | D:10     | Entered Level 10 of the Dungeon
  7218 | D:10     | Noticed a two-headed ogre
  7242 | D:10     | Killed a two-headed ogre
  7242 | D:10     | Reached skill level 10 in Unarmed Combat
  7242 | D:10     | Reached XP level 10. HP: 40/46 MP: 7/15
  7419 | D:10     | Noticed a two-headed ogre
  7429 | D:10     | Killed a two-headed ogre
  7436 | D:10     | Learned a level 5 spell: Blade Hands
  7864 | D:9      | Noticed a death yak
  8093 | D:9      | Killed a death yak
  8093 | D:9      | Reached skill level 11 in Unarmed Combat
  8208 | D:8      | Noticed Gravenous's ghost (novice NaTm)
  8220 | D:8      | Killed Gravenous's ghost
  8220 | D:8      | Reached XP level 11. HP: 41/50 MP: 11/17
  8368 | D:8      | Found Tisk's General Store.
  8371 | D:8      | Bought a scroll of teleportation for 39 gold pieces
  8371 | D:8      | Bought a scroll of identify for 26 gold pieces
  8371 | D:8      | Bought a scroll of remove curse for 39 gold pieces
  8371 | D:8      | Bought a scroll of remove curse for 39 gold pieces
  8371 | D:8      | Bought a potion of curing for 39 gold pieces
  8430 | D:8      | Found a white marble altar of Elyvilon.
  8456 | D:8      | Found an opulent altar of Gozag.
  8488 | D:8      | Found a sparkling altar of Nemelex Xobeh.
  8499 | D:8      | Found a basalt altar of Yredelemnul.
  9127 | D:9      | Found a burning altar of Makhleb.
  9127 | D:9      | Found a radiant altar of Vehumet.
  9181 | D:9      | Found a staircase to the Lair.
  9192 | D:9      | Found a shattered altar of Ashenzari.
  9247 | D:9      | Became a worshipper of Ashenzari the Shackled
  9452 | D:9      | Noticed DogShitOnMyToe's ghost (novice DECj)
  9458 | D:9      | Killed DogShitOnMyToe's ghost
  9953 | D:10     | Noticed a cyclops
  9961 | D:10     | Killed a cyclops
 10001 | D:10     | Reached skill level 10 in Transmutations
 10281 | D:10     | Noticed an ice dragon
 10286 | D:10     | Reached skill level 12 in Unarmed Combat
 10287 | D:10     | Noticed a flayed ghost
 10601 | D:11     | Noticed a manticore
 10613 | D:11     | Killed a manticore
 10803 | D:11     | Gained mutation: You heal very quickly. [Vine Stalker growth]
 10803 | D:11     | Reached XP level 12. HP: 51/56 MP: 9/18
 10869 | D:11     | Found a staircase to the Orcish Mines.
 11004 | D:11     | Reached skill level 5 in Armour
 11264 | D:11     | HP: 2/56 [komodo dragon (7)]
 11267 | D:11     | Demolished by a komodo dragon

Skill      XL: |  1  2  3  4  5  6  7  8  9 10 11 12 |
---------------+-------------------------------------+-----
Unarmed Combat | 4 5 6 8 10 11 12 | 12.3
Transmutations | 3 4 5 6 8 10 | 10.9
Poison Magic   | 2 |  2.0
Fighting       | 1 2 |  2.6
Dodging        | 2 3 4 |  4.7
Armour         | 2 3 4 5 |  5.0
Ice Magic      | 3 |  3.6
Spellcasting   | 3 |  3.7

Action                   |  1- 3 |  4- 6 |  7- 9 | 10-12 || total
-------------------------+-------+-------+-------+-------++-------
Melee: Unarmed           |    95 |   167 |   414 |   388 ||  1064
       Bite              |    22 |    25 |    36 |    52 ||   135
       Kick              |     3 |     7 |       |       ||    10
       Headbutt          |     2 |     4 |       |       ||     6
       Punch             |     1 |       |     3 |    11 ||    15
 Cast: Beastly Appendage |     7 |    17 |       |       ||    24
       Sticks to Snakes  |     2 |    10 |     5 |    19 ||    36
       Spider Form       |       |     6 |    38 |    11 ||    55
       Ice Form          |       |       |     1 |       ||     1
       Blade Hands       |       |       |       |    33 ||    33
Invok: Curse Item        |       |       |       |     3 ||     3
  Use: Scroll            |     4 |     2 |     9 |    12 ||    27
       Potion            |       |       |     1 |     3 ||     4
 Stab: Distracted        |       |     1 |       |     1 ||     2
       Sleeping          |       |       |     3 |       ||     3
  Eat: Bread ration      |     1 |       |     2 |       ||     3
       Royal jelly       |       |     1 |       |     1 ||     2
       Chunk             |       |     4 |     4 |    20 ||    28
       Meat ration       |       |       |     1 |     1 ||     2
       Fruit             |       |       |       |     1 ||     1
Armor: Scale mail        |    37 |       |       |       ||    37
       Robe              |       |    14 |       |       ||    14
       Leather armour    |       |    10 |     8 |       ||    18
       Skin              |       |     2 |     8 |     2 ||    12
       Ring mail         |       |       |     8 |    76 ||    84
Dodge: Dodged            |    44 |    85 |   212 |   215 ||   556
Block: Other             |       |    15 |    69 |    70 ||   154
       Reflection        |       |       |     1 |     5 ||     6
